Match 46815133
Unlisted

Match 46815133
End
Selects Australian Defense Battlegroup
Selects Australian Light Infantry Section
Australian Light Infantry Section
Australian Light Infantry Section
Construct Section Command Post
Australian Light Infantry Section
ML 3-inch Mortar Team
Selects 2-pounder Anti-tank Gun Team
2-pounder Anti-tank Gun Team
Construct Platoon Command Post
Gen
jimywins
Makoto
UMirinBrah?
FLOKL
BlueSkidrow™ Legion
0
0

Comments sign in to comment!

No comments posted yet!